Match 38454270
Unlisted

Match 38454270
End
250 Light Carrier
Selects Italian Combined Arms Battlegroup
Selects Bersaglieri Squad
Bersaglieri Squad
Bersaglieri Squad
Construct Light Support Kompanie
Bersaglieri Squad
2.5-tonne Medical Truck
Fire Support Elements
le.IG 18 Mechanized Group
Panzerpioneer Squad
Construct Panzerarmee Kommand
Selects Semovente da 75/18 Assault Gun
Semovente da 75/18 Assault Gun
Selects Strafing Run
Selects Bersaglieri Bolster
Combat Half-tracks
Forward Retreat Point
Selects Strafing Run
Strafing Run
Flak 36 Anti-tank Gun Team
Strafing Run
Selects Artillery Cover
Selects Vehicle Support - Force Recon
Walking Stuka Rocket Launcher
Strafing Run
UA - ♠ $imA ♠
UA -=Vov@N=-
matjouz
Sarmynation
0
0

Comments sign in to comment!

No comments posted yet!